K2, neutral male human Wizard ----------------------------------------------------------------------------- |.|.........|.........|...|.....|.|...|........$|.53|@&YB.Tv|.|..53.....|...| |.|.-----.|.---.-----.|--.|.|.|.|.|.|.|.-------.|3|H|c---D|W|.|.---.---.---.| |...|...|.|...|.|.....|...|.|.|...|.|`..|.....|%|1|@fTR.SR|2|...|.|...|.....| |.---.|.|.|--.|.-----.|.|.|.|.---.|.|---|.---.|.|4-----L--UH|2---.|--.-----.| |.|...|.|.|...|.....|.|.|.|.|...|...|...|.|.|.|..3..|5TY|&@@|.q@H.|.|...|...| |.|.-----.|.-------.|.|.|--.|--.|--.|.|.|.|.-------.|D--&&-X-----@|4|--h---.| |.|...|...|.....|...|...|...|...|...|.|...|.......|.|2.t@x|&.&&.|.3.|.|...|.| |.|--.|.-------.|.------|.--|.---.---.|--.|------.|f|--&|f---.|.---.|.---.|.| |.|...|.|.........|.....|...|.....|...|...|.......|3|@q3|.&.|.|...|.|...|.|.| |.|.|.|.|.-------.|.---.---.---------.|.---.-------.|t---.-.|.|.---.|.|.|.--| |.|.|.|.|.|...|...|...|...|...|.....|.|.|...|.....12|.|...|.|.|.|.....|.|...| |.|.|.|.|.|.|.-------.|--.---.---.|.|.|.|.---.-------.|.|.|.--|.|.---------.| |...|.|.|.|.|.......|.|.|...|...|.|...|.|.|...|.......|.|.|...|.|.|...|.....| |---|.|.--|.-------.|.|.---.---.|.|---|.|.|---|.---------.|--.|.|.|.|.|.---.| |...|.|...|.......|...|..>..%.|...|...|.|.|...|.|...|.....|...|...|.|...|.|.| |.|.|.---.-------.------...--.-----.---.|.|.|.|.|.|.|.|.---.-------.|----.|.| |.|.....|........h....................%......[........|.............|.......| ----------------------------------------------------------------------------- K2 the Enchanter Experience level: 16 Strength: 14 Dexterity: 18 Constitution: 18 Intelligence: 16 Wisdom: 17 Charisma: 9 Health: 0(162) Energy: 148(248) Def: 29 Gold: 0 Moves: 30193 Dungeon seed: WuRGW5lU2ra_-8Dz Game ID: K2_1475682601 Your Inventory: Weapons a - the blessed rustproof +2 Magicbane (weapon in hand) Armor A - a blessed fireproof +0 robe B - a blessed +5 silver dragon scale mail D - a blessed rustproof +5 helm of brilliance E - a blessed rustproof +1 pair of gauntlets of power F - a blessed +0 pair of speed boots (being worn) Comestibles d - an uncursed lizard corpse Rings n - a blessed +3 ring of protection (on left hand) o - a blessed ring of free action (on right hand) Wands Z - an uncursed wand of digging (0:6) Tools i - the blessed Platinum Yendorian Express Card j - an uncursed blindfold k - an uncursed skeleton key l - an uncursed oil lamp (0:0) s - an uncursed stethoscope u - a blessed +0 unicorn horn w - an uncursed magic whistle z - a blessed bag of holding Gems x - a blessed luckstone Contents of the bag of holding: a blessed greased amulet of life saving 12 blessed +3 daggers an uncursed rotted +0 pair of water walking boots 6 uncursed eggs 3 uncursed kelp fronds 3 uncursed lembas wafers an uncursed lizard corpse a blessed scroll of blank paper a blessed scroll of charging an uncursed scroll of charging a blessed scroll of earth an uncursed scroll of earth 2 uncursed scrolls of fire an uncursed scroll of genocide a cursed scroll of genocide 7 uncursed scrolls of gold detection an uncursed scroll of remove curse a blessed scroll of scare monster 2 blessed scrolls of teleportation an uncursed spellbook of remove curse 2 uncursed potions of blindness a blessed potion of booze 7 uncursed potions of booze an uncursed potion of confusion 3 uncursed potions of extra healing 3 uncursed potions of full healing a cursed potion of full healing 2 uncursed potions of gain ability 2 blessed potions of gain energy an uncursed potion of healing 46 potions of holy water an uncursed potion of invisibility 2 cursed potions of invisibility 3 uncursed potions of levitation an uncursed potion of monster detection a cursed potion of monster detection a cursed potion of oil 2 blessed potions of paralysis an uncursed potion of paralysis a blessed potion of polymorph a blessed potion of restore ability an uncursed potion of restore ability an uncursed potion of see invisible a cursed potion of see invisible an uncursed potion of water an uncursed ring of conflict an uncursed wand of digging (0:8) an uncursed wand of digging (0:7) an uncursed wand of digging (0:7) an uncursed wand of digging (0:7) an uncursed wand of digging (0:4) an uncursed wand of enlightenment (0:9) an uncursed wand of polymorph (0:0) an uncursed wand of secret door detection (1:4) an uncursed wand of speed monster (0:8) an uncursed wand of teleportation (0:8) an uncursed wand of teleportation (0:6) an uncursed agate stone an uncursed aquamarine stone 2 uncursed diamonds an uncursed fluorite stone 5 uncursed jade stones 3 uncursed jet stones an uncursed opal 2 uncursed rubies 4 uncursed turquoise stones Spells and supernatural/magical abilities: Name Level Category Fail Memory a - force bolt 1 attack 0% 47% e - charm monster 3 enchantment 0% 65% f - fireball 4 attack 0% 76% l - light 1 divination 0% 73% m - magic missile 2 attack 0% 87% n - detect monsters 1 divination 0% 20% o - cone of cold 4 attack 0% 8% p - protection 1 clerical 0% 87% u - confuse monster 2 enchantment 0% 35% v - clairvoyance 3 divination 0% 34% w - wizard lock 2 matter 0% 35% x - extra healing 3* healing 0% 0% y - astral eyesight 7 divination 99% 97% z - sleep 1 enchantment 0% 47% A - create familiar 3 clerical 0% 8% G - detect treasure 4 divination 0% 20% I - identify 3 divination 0% 35% K - cure sickness 3* healing 0% 0% M - magic mapping 5 divination 0% 72% S - stone to flesh 3 healing 0% 4% W - pray for help -- divine ? -- Your skills at the end: Fighting Skills wands [Skilled] Weapon Skills dagger [Expert] quarterstaff [Basic] Spellcasting Skills attack spells [Expert] healing spells [Basic] divination spells [Skilled] enchantment spells [Skilled] clerical spells [Basic] Final Attributes: You were piously aligned. You were fire resistant. You were cold resistant. You were sleep resistant. You were disintegration-resistant. You were shock resistant. You were poison resistant. You were magic-protected. You were telepathic. You were warned. You were protected. You were very fast. You had free action. You were extremely lucky. You had extra luck. Good luck did not time out for you. You are dead. Vanquished creatures: Yeenoghu Juiblex The Wizard of Yendor (11 times) an arch-lich a high priest 3 mastodons Medusa an iron golem 2 master liches 5 storm giants a glass golem 2 balrogs 5 purple worms a silver dragon a red dragon 2 white dragons 3 black dragons 5 blue dragons 2 green dragons 9 minotaurs The Dark One 3 baluchitheria an Angel 3 demiliches Vlad the Impaler 3 stone golems 2 master mind flayers a Nazgul 5 pit fiends a sandestin 2 hell hounds 5 titanotheres 2 trappers a baby white dragon a baby yellow dragon a guardian naga 3 disenchanters 23 vampire lords 6 shades 5 skeletons 3 shopkeepers 10 aligned priests 9 liches 11 water trolls a clay golem 8 nurses 6 ice devils 2 nalfeshnees 3 lurkers above an Aleax a frost giant 3 ettins 2 golden nagas a black pudding 19 vampires 31 ghosts 7 lieutenants a knight 2 samurai 3 wizards a winged gargoyle 2 mind flayers 11 giant mimics 4 zruties 10 ogre kings 9 ice trolls 13 rock trolls 3 umber hulks a flesh golem an Elvenking 5 doppelgangers 9 hezrous 14 bone devils 4 large mimics 3 wumpuses 2 fire vortices a long worm 9 stalkers 2 air elementals a fire elemental 4 earth elementals 4 hill giants 5 giant mummies 2 black nagas 18 xorns 12 giant zombies 9 elf-lords 15 sergeants 2 barbed devils 9 vrocks a salamander 15 wargs a winter wolf 9 hell hound pups 17 small mimics 3 glass piercers 5 warhorses 3 steam vortices 7 xans 4 ettin mummies 11 ogre lords 8 quantum mechanics 27 trolls 2 sasquatches 3 wood golems an erinys 6 mariliths a shark 2 gelatinous cubes 6 pyrolisks 4 freezing spheres 8 flaming spheres 4 shocking spheres a large cat 4 tigers 9 gargoyles a dwarf king 9 tengu 7 ochre jellies 3 leocrottas 2 energy vortices 3 mountain centaurs a stone giant 2 elf mummies 5 human mummies a red naga 3 green slimes 4 pit vipers 7 pythons 2 cobras 41 wraiths 7 carnivorous apes 18 ettin zombies a leather golem 9 Grey-elves 42 soldiers 5 horned devils 7 succubi 7 incubi 3 chameleons 2 crocodiles 6 giant beetles 3 quivering blobs 12 cockatrices 9 wolves 7 winter wolf cubs 2 lynxes a panther 5 gremlins 3 spotted jellies 25 leprechauns 4 orc-captains 3 iron piercers a mumak 8 giant spiders 4 scorpions 2 horses an ice vortex 3 black lights 81 vampire bats 10 forest centaurs 6 gnome kings 2 orc mummies 4 dwarf mummies 4 ogres 4 brown puddings 10 rust monsters 3 owlbears 5 yetis a gold golem 17 Green-elves a piranha 11 giant eels 9 lizards 3 apprentices 7 chickatrices 3 dingos a housecat 5 jaguars 3 dwarf lords 2 white unicorns 2 black unicorns 3 dust vortices 9 ravens 11 plains centaurs 4 gnome mummies 6 snakes a water moccasin 9 apes 18 human zombies 6 Woodland-elves 6 soldier ants 4 fire ants 26 bugbears 4 imps 3 lemures 7 quasits 3 wood nymphs a water nymph 3 mountain nymphs 20 Mordor orcs 2 Uruk-hai 5 orc shamans 5 rock piercers 2 rock moles 3 ponies 2 fog clouds 5 yellow lights 4 shriekers 7 violet fungi 23 gnome lords 8 gnomish wizards 2 kobold mummies a red naga hatchling 8 gray oozes 3 barrow wights 13 elf zombies 9 ghouls 2 straw golems 3 paper golems 3 jellyfish 15 giant ants a little dog 8 floating eyes a kitten 21 dwarves 11 homunculi 3 kobold lords 4 kobold shamans 19 hill orcs 17 rothes a centipede 6 giant bats 23 orc zombies 10 dwarf zombies 2 werejackals 10 iguanas 16 killer bees 11 acid blobs 2 coyotes a gas spore 9 hobbits 4 manes 3 large kobolds 17 hobgoblins 9 giant rats 2 cave spiders 4 brown molds 5 yellow molds 2 green molds 3 red molds 72 gnomes 6 garter snakes 16 gnome zombies 8 geckos 14 jackals a fox 2 kobolds 11 goblins 4 sewer rats 9 grid bugs 4 bats 12 lichens 16 kobold zombies 15 newts 1768 creatures vanquished. Voluntary challenges: You had been an atheist until turn 1859. You used a wielded weapon 2716 times, starting on turn 90. You read items or engraved 226 times, starting on turn 1304. You never genocided any monsters. You polymorphed 59 items, starting on turn 29691. You never changed form. You used 8 wishes, starting on turn 13012. You wished for your your first artifact on turn 15976. You split 2 puddings, starting on turn 25828. You never wrote Elbereth's name. You violated your moral code, losing 193 points of alignment, starting on turn 5058. You abstained from Elbereth's help. Dungeon overview: The Dungeons of Doom: levels 1 to 29 Level 1 some fountains a long staircase Level 2 a general store stairs to The Gnomish Mines Level 3 a general store, an altar to Thoth Level 4 Level 5 a fountain Level 6 some fountains Level 7 an armor shop stairs to Sokoban Level 8 a delicatessen Level 9 an armor shop Level 10 Level 11 a sink Level 12 portal to The Quest Level 13 some fountains Level 14 a temple to Thoth Level 15 Level 16 a fountain, a sink Level 17 a fountain Level 18 a potion shop, a fountain, a sink Level 19 a fountain Level 20 some fountains Level 21 an altar to Thoth, some fountains Level 22 a fountain Level 23 Level 24 Level 25 some fountains Level 26 a fountain Level 27 Level 28 Level 29 a fountain Gehennom: levels 30 to 53 Level 30 a temple to Moloch stairs to The Dungeons of Doom Level 31 Level 32 Level 33 Level 34 Level 35 some fountains Level 36 Level 37 Level 38 stairs to Vlad's Tower Level 39 some shops, an altar to Moloch Level 40 Level 41 Level 42 Level 43 portal to Gehennom Level 44 <- You were here Level 45 Level 46 Level 47 Level 48 Level 49 Level 50 Level 51 portal to Gehennom Level 52 Level 53 The Gnomish Mines: levels 3 to 11 Level 3 stairs to The Dungeons of Doom Level 4 Level 5 Level 6 many shops, a temple to Anhur, some fountains Level 7 Level 8 Level 9 Level 10 Level 11 The Quest: levels 1 to 6 Level 1 a throne portal to The Dungeons of Doom Level 2 Level 3 Level 4 Level 5 Level 6 a temple to Thoth Sokoban: levels 3 to 6 Level 3 Level 4 Level 5 Level 6 stairs to The Dungeons of Doom Vlad's Tower: levels 35 to 37 Level 35 Level 36 Level 37 stairs to Gehennom History has recorded: On T:1 you entered the Dungeons of Doom to retrieve the Amulet of Yendor! On T:485 you reached level 2 of The Dungeons of Doom. On T:602 you advanced to experience level 2. On T:855 you advanced to experience level 3. On T:1326 you advanced to experience level 4. On T:1430 you reached level 3 of The Dungeons of Doom. On T:2161 you advanced to experience level 5. On T:2397 you reached level 4 of The Dungeons of Doom. On T:2831 you reached level 5 of The Dungeons of Doom. On T:3115 you reached level 6 of The Dungeons of Doom. On T:3309 you advanced to experience level 6. On T:3400 you reached level 7 of The Dungeons of Doom. On T:4420 you advanced to experience level 7. On T:4466 you received Magicbane from Thoth. On T:4867 you reached level 4 of Sokoban. On T:5066 you reached level 3 of Sokoban. On T:5536 you reached level 2 of Sokoban. On T:5805 you reached level 1 of Sokoban. On T:6822 you reached level 1 of The Gnomish Mines. On T:6867 you advanced to experience level 8. On T:7032 you reached level 2 of The Gnomish Mines. On T:7291 you reached level 3 of The Gnomish Mines. On T:7488 you reached level 4 of The Gnomish Mines. On T:7940 you reached level 5 of The Gnomish Mines. On T:8364 you reached level 6 of The Gnomish Mines. On T:8536 you reached level 7 of The Gnomish Mines. On T:8742 you reached level 8 of The Gnomish Mines. On T:8794 you advanced to experience level 9. On T:8973 you reached level 9 of The Gnomish Mines. On T:10069 you reached level 8 of The Dungeons of Doom. On T:10277 you advanced to experience level 10. On T:10291 you reached level 9 of The Dungeons of Doom. On T:10511 you reached level 10 of The Dungeons of Doom. On T:10620 you reached level 11 of The Dungeons of Doom. On T:10820 you reached level 12 of The Dungeons of Doom. On T:11004 you reached level 1 of The Quest. On T:11015 you advanced to experience level 11. On T:11464 you reached level 13 of The Dungeons of Doom. On T:11630 you reached level 14 of The Dungeons of Doom. On T:11923 you reached level 15 of The Dungeons of Doom. On T:11943 you reached level 16 of The Dungeons of Doom. On T:12826 you reached level 17 of The Dungeons of Doom. On T:13012 you wished for "blessed fixed +3 silver dragon scale mail". On T:13039 you reached level 18 of The Dungeons of Doom. On T:13666 you reached level 19 of The Dungeons of Doom. On T:14033 you reached level 20 of The Dungeons of Doom. On T:14120 you advanced to experience level 12. On T:14475 you reached level 21 of The Dungeons of Doom. On T:14901 you reached level 22 of The Dungeons of Doom. On T:15279 you reached level 23 of The Dungeons of Doom. On T:15605 you reached level 24 of The Dungeons of Doom. On T:15976 you wished for "blessed the platinum yendorian express card". On T:16114 you reached level 25 of The Dungeons of Doom. On T:16550 you reached level 26 of The Dungeons of Doom. On T:16950 you reached level 27 of The Dungeons of Doom. On T:18401 you advanced to experience level 13. On T:19420 you received advice from The Oracle. On T:19421 you received advice from The Oracle. On T:19421 you received advice from The Oracle. On T:20466 you advanced to experience level 14. On T:20775 you embarked upon an epic quest. On T:20798 you reached level 2 of The Quest. On T:20835 you reached level 3 of The Quest. On T:21390 you reached level 4 of The Quest. On T:21435 you reached level 5 of The Quest. On T:21585 you reached level 6 of The Quest. On T:21716 you killed Dark One on level 6 of The Quest. On T:21946 you completed the quest! On T:23426 you reached level 28 of The Dungeons of Doom. On T:23442 you killed Medusa on level 28 of The Dungeons of Doom. On T:23657 you reached The Castle. On T:24139 you advanced to experience level 15. On T:24439 you wished for "2 blessed scrolls of charging". On T:24440 you wished for "blessed fixed greased +3 helm of brilliance". On T:24445 you wished for "blessed the eyes of the overworld". On T:24446 you wished for "blessed the eyes of the overworld". On T:24446 you wished for "blessed the eyes of the overworld". On T:24522 you wished for "blessed spellbook of magic mapping". On T:24677 you reached The Valley of the Dead. On T:24805 you advanced to experience level 16. On T:25065 you advanced to experience level 17. On T:25342 you reached level 2 of Gehennom. On T:25629 you reached level 4 of Gehennom. On T:25647 you reached level 5 of Gehennom. On T:25724 you reached level 6 of Gehennom. On T:25792 you killed Juiblex on level 6 of Gehennom. On T:25888 you reached level 7 of Gehennom. On T:26130 you advanced to experience level 18. On T:26275 you reached level 8 of Gehennom. On T:26317 you reached level 9 of Gehennom. On T:26353 you reached level 3 of Vlad's Tower. On T:26505 you reached level 2 of Vlad's Tower. On T:26561 you reached level 1 of Vlad's Tower. On T:26584 you killed Vlad the Impaler on level 1 of Vlad's Tower. On T:26595 you advanced to experience level 19. On T:26740 you reached level 10 of Gehennom. On T:26958 you reached level 11 of Gehennom. On T:27074 you reached level 12 of Gehennom. On T:27176 you reached level 13 of Gehennom. On T:27207 you reached level 14 of Gehennom. On T:27277 you reached level 15 of Gehennom. On T:27443 you reached level 16 of Gehennom. On T:27509 you reached level 17 of Gehennom. On T:27632 you reached level 18 of Gehennom. On T:27728 you reached level 19 of Gehennom. On T:27792 you reached level 20 of Gehennom. On T:27914 you reached level 21 of Gehennom. On T:27998 you reached level 22 of Gehennom. On T:28058 you reached level 23 of Gehennom. On T:28579 you killed Yeenoghu on level 13 of Gehennom. On T:29067 you performed the invocation. On T:29093 you advanced to experience level 20. On T:29129 you reached level 24 of Gehennom. On T:29350 you killed high priestess of Moloch on level 24 of Gehennom. On T:29353 you gained the Amulet of Yendor! On T:29363 you killed Wizard of Yendor on level 24 of Gehennom. On T:29366 you killed Wizard of Yendor on level 24 of Gehennom. On T:29375 you killed Wizard of Yendor on level 24 of Gehennom. On T:29389 you lost the Amulet of Yendor. On T:29411 you gained the Amulet of Yendor! On T:29909 you lost the Amulet of Yendor. On T:29992 you killed Wizard of Yendor on level 17 of Gehennom. On T:30017 you killed Wizard of Yendor on level 16 of Gehennom. On T:30071 you killed Wizard of Yendor on level 15 of Gehennom. On T:30072 you killed Wizard of Yendor on level 15 of Gehennom. Score breakdown: Gold: 0 ( 0 points) Experience: 16 levels (21575 points) Exploration: 53 levels (100.00%) (30000 points) Discoveries: 90 items ( 31.03%) (16712 points) Valuables value: (no points given unless you survive) Artifact value: 10500 (13678 points) Variety of kills: 265 monsters ( 69.19%) (24954 points) Turncount: 30193 turns (-4011 points) Survival: died (score multiplied by 80%) Total score: 82326 Latest messages: The Elvenking misses. The ettin swings his club at you. The ettin misses. The ettin swings his club at you. The ettin misses. The Elvenking swings his runed broadsword at you. The Elvenking misses. The Elvenking swings his runed broadsword at you. The Elvenking hits! You start removing your pair of speed boots. You stop changing your equipment. The vrock hits! (3x) The vrock just misses! The vrock bites! The xorn misses. (3x) The xorn bites! The Elvenking swings his runed broadsword at you. The Elvenking hits! The Elvenking swings his runed broadsword at you. The Elvenking hits! The ettin swings his club at you. The ettin hits! You die... For some reason, you think that you can almost hear the Wizard laugh manically... K2 seems to speed up. Final status: Goodbye K2 the Wizard, killed by an ettin... You died in Gehennom on dungeon level 44 with 82326 points, and 0 pieces of gold, after 30193 moves. You were level 16 with a maximum of 162 hit points when you died.